 Dungeon Crawl Stone Soup version 0.31-a0-1300-gb6740aa4e6 (webtiles) character file.

Game seed: 6610127337536478557

32 avis the Scratcher (level 3, 18/18 HPs)
             Began as a Felid Shapeshifter on Dec 18, 2023.
             Got out of the dungeon alive.
             The game lasted 00:04:40 (1074 turns).

avis the Scratcher (Felid Shapeshifter)             Turns: 1074, Time: 00:04:41

Health: 18/18      AC:  1    Str: 10    XL:     3   Next: 10%
Magic:  4/4        EV: 17    Int: 13    God:
Gold:   44         SH:  0    Dex: 17    Spells: 2/2 levels left
                                        Lives:  0   Deaths: 1

rFire   . .          .
                       - Unarmed
rCold   . . .        (shield unavailable)
rNeg    . . .        (body armour unavailable)
rPois   .            (helmet unavailable)
rElec   .            (cloak unavailable)
rCorr   .            (gloves unavailable)
SInv    +            (boots unavailable)
Will    .....        (no amulet)
Stlth   ++           (no ring)
HPRegen 0.23/turn    (no ring)
MPRegen 0.09/turn

%: no passive effects
@: beast-form
A: beast (slay +1), very small, claws 1, fangs 3, see invisible, shaggy fur 1,
stealthy paws, no weapons or thrown items, no armour, multi-lived
a: Begin Untransformation


You escaped.
You were a hulking beast.
You visited 1 branch of the dungeon, and saw 2 of its levels.

You collected 44 gold pieces.

Inventory:

Talismans
 b - a beast talisman
 c - a flux talisman
Scrolls
 e - 2 scrolls of revelation {unknown}
 f - a scroll of teleportation {unknown}
 g - a scroll of fog
 l - a scroll of acquirement {unknown}
Potions
 a - a potion of lignification
 d - 4 potions of heal wounds
 h - a potion of magic
 i - 2 potions of curing
 j - a potion of cancellation {unknown}
 k - a potion of berserk rage {unknown}


   Skills:
 - Level 1.0 Fighting
 - Level 2.6 Dodging
 * Level 4.3 Unarmed Combat
 - Level 2.6 Shapeshifting


You had 2 spell levels left.
You didn't know any spells.
Your spell library contained the following spells:

 Spells                   Type           Power      Damage    Failure   Level
 Frozen Ramparts          Ice            0%         1d1       67%         3
 Leda's Liquefaction      Tmut/Erth      0%         N/A       97%         4
 Petrify                  Tmut/Erth      0%         N/A       97%         4
 Metabolic Englaciation   Hex/Ice        0%         N/A       100%        5


Dungeon Overview and Level Annotations

Branches:
Dungeon (2/15)

Altars:


Innate Abilities, Weirdness & Mutations

You are a hulking beast.
Your limbs bulge with bestial killing power. (Slay +1)
You have sharp claws.
You have razor-sharp teeth.
You have supernaturally acute eyesight. (SInv)
You are covered in fur. (AC +1)
Your paws help you pounce on unaware monsters.
You are incapable of wielding weapons or throwing items.
You cannot wear armour.
You gain extra lives every three experience levels.


Message History

There is a stone staircase leading down here.
You scratch the ball python.
You kill the ball python!
You climb downwards.
The orc hits you with a +0 mace! The quokka misses you. The orc misses you.
The orc barely misses you.
There is a stone staircase leading up here.
The quokka barely misses you. The orc hits you with a +0 mace.
The orc hits you with a +0 hand axe.
You climb upwards.
There is a stone staircase leading down here.
The quokka attacks as it pursues you! The quokka completely misses you.
The orc misses you. The quokka attacks as it pursues you!
The quokka misses you. x2
The quokka attacks as it pursues you! The quokka barely misses you.
The quokka attacks as it pursues you! The quokka closely misses you.
The quokka attacks as it pursues you! The quokka misses you.
The quokka closely misses you. The quokka attacks as it pursues you!
The quokka closely misses you. The orc attacks as it pursues you!
The orc barely misses you. The quokka attacks as it pursues you!
The quokka bites you. The quokka bites you.
* * * LOW HITPOINT WARNING * * *
You claw the orc!
You kill the orc!
You scratch the quokka. You bite the quokka.
The quokka is almost dead.
The quokka completely misses you.
You closely miss the quokka. Your bite misses the quokka.
The quokka is almost dead.
The quokka bites you.
You die...
Your shape twists and changes as you die.
You rejoin the land of the living...
You claw the quokka!
You kill the quokka!
There is an open door here.
There is an open door here.
There is an open door here.
There is a staircase leading out of the dungeon here.
You have escaped!

#.# ####.......###
#########'############.# #
#.................# #.###
#.#.###########.#.# #.#..
#.##.#.......#.##.# #...#
#.#.#.###'###.#.#.# #..##
#.#.#.#.....#.#.#.# #..#
#####.#.#.#.....#.#.#.####.###
#.'.'.#.#.+..h..+.#.#.'.'..†..
#.###.#.#.#.....#.#.#.####..#.
#...#.#.#.#.....#.#.#.#.##..#.
###.#.#.#.###+###.#.#.#.##..#.
#.#.##.#.......#.##.#.##>...
#.#.#.###########.#.#.##..#.
#.#.................#.......
#.#########'#########.##..#.
#.###.....#.#...............


There were no monsters in sight!

Vanquished Creatures
  An orc (D:1)
  6 ball pythons (D:1)
  3 bats (D:1)
  4 giant cockroaches (D:1)
  2 goblins (D:1)
  2 hobgoblins (D:1)
  3 quokkas (D:1)
  2 frilled lizards (D:1)
  5 rats (D:1)
28 creatures vanquished.

Notes
Turn   | Place    | Note
-------+----------+-------------------------------------------
     0 | D:1      | avis the Felid Shapeshifter began the quest for the Orb.
     0 | D:1      | Reached XP level 1. HP: 10/10 MP: 2/2
   195 | D:1      | Reached XP level 2. HP: 14/14 MP: 3/3
   628 | D:1      | Reached skill level 4 in Unarmed Combat
   848 | D:1      | Reached XP level 3. HP: 18/18 MP: 4/4
  1038 | D:1      | Slain by a quokka
  1074 | D:$      | Got out of the dungeon alive.

Illustrated notes

Levels and vault maps discovered:
D:1:      matt_arrival_los_fun, layout_basic, serial_park_tiny_pond
D:2:      layout_loops_ring, shapermc_ecumenical_altar_mp_urbaneastern,
          minmay_shallow_snake_nest, uniq_sigmund

Skill      XL: |  1  2 |
---------------+-------+-----
Unarmed Combat | 4 |  4.3
Fighting       | |  1.0
Dodging        | |  2.6
Shapeshifting  | |  2.6

Action                     || total
---------------------------++-------
  Melee: Unarmed           ||    56
         Bite              ||     5
    Use: Scroll            ||     4
   Stab: Sleeping          ||     3
 Armour: Skin              ||    21
  Dodge: Dodged            ||    48

Table legend: (Time is in decaauts)
 A = Elapsed time spent in this place.
 B = Non-inter-level travel time spent in this place.
 C = Inter-level travel time spent in this place.
 D = Time resting spent in this place.
 E = Time spent auto-exploring this place.
 F = Levels seen in this place.
 G = Mean time per level.
                   A        B        C        D        E       F      G
               +--------+--------+--------+--------+--------+-----+--------+
         Total |   1071 |    987 |     84 |    166 |    518 |   2 |  535.5 |
       Dungeon |   1071 |    987 |     84 |    166 |    518 |   2 |  535.5 |
               +--------+--------+--------+--------+--------+-----+--------+

Top non-repeatable levels by time:
     D:1: 1043 daAuts
     D:2: 28 daAuts
